 Dungeon Crawl Stone Soup version 0.27.0-1-g7a089689b8 (webtiles) character file.

Game seed: 4974607434082699174

77 octoduck the Ruffian (level 4, 26/28 HPs)
             Began as a Gargoyle Monk on Aug 4, 2021.
             Was a Believer of Sif Muna.
             Got out of the dungeon alive.
             The game lasted 00:06:22 (3108 turns).

octoduck the Ruffian (Gargoyle Monk)                Turns: 3108, Time: 00:06:23

Health: 26/28      AC:  6    Str: 15    XL:     4   Next: 34%
Magic:  4/4        EV: 12    Int: 10    God:    Sif Muna [**....]
Gold:   71         SH:  0    Dex: 13    Spells: 3/3 levels left

rFire    . . .     SeeInvis .     - Unarmed
rCold    . . .     Faith    .   (no shield)
rNeg     + . .     Spirit   .   a - +0 robe
rPois    ∞         Reflect  .   (no helmet)
rElec    +         Harm     .   (no cloak)
rCorr    .         Rampage  .   (no gloves)
Will     .....                  f - +0 pair of boots
Stlth    ++........             (no amulet)
HPRegen  0.09/turn              (no ring)
MPRegen  0.09/turn              (no ring)

@: no status effects
A: sickness immunity, AC +3, negative energy resistance 1, electricity
resistance, torment resistance 1, petrification resistance
a: Renounce Religion, Channel Magic


You escaped.
You worshipped Sif Muna.
Sif Muna was pleased with you.
You visited 1 branch of the dungeon, and saw 2 of its levels.

You collected 71 gold pieces.

Inventory:

Armour
 a - a +0 robe (worn)
 f - a +0 pair of boots (worn)
Potions
 b - 3 potions of curing
 d - 2 potions of invisibility
 e - a potion of degeneration {unknown}
 g - 2 potions of heal wounds {unknown}
 h - a potion of berserk rage {unknown}
 i - a potion of might {unknown}


   Skills:
 - Level 3.2 Fighting
 - Level 2.4 Dodging
 - Level 2.1 Stealth
 + Level 5.0 Unarmed Combat


You had 3 spell levels left.
You didn't know any spells.
Your spell library was empty.

Dungeon Overview and Level Annotations

Branches:
Dungeon (2/15)

Altars:
Sif Muna

Annotations:
D:1 Terence


Innate Abilities, Weirdness & Mutations

You are immune to sickness and miasma.
Your stone body is resilient. (AC +3)
You are immune to poison.
You resist negative energy. (rN+)
You are resistant to electric shocks. (rElec)
You are resistant to unholy torment.
You are immune to petrification.


Message History

Terence closely misses you.
You hit Terence but do no damage.
Terence is heavily wounded.
Terence hits you with a +0 falchion.
There is a stone staircase leading up here.
Terence hits you with a +0 falchion.
You climb upwards.
There is a stone staircase leading down here.
Terence barely misses you.
You see here a +0 club.
You aren't carrying any scrolls.
You see here a +0 club.
There is a stone staircase leading down here.
You climb downwards.
There is a stone staircase leading up here.
You start resting.
HP restored.
You aren't carrying any scrolls.
Unknown command.
You start putting on your armour.
You continue putting on your +0 pair of boots. x4
You finish putting on your +0 pair of boots.
There is a faded altar of an unknown god here.
You cannot tell which god this altar belongs to.
Convert to them anyway?
Sif Muna accepts your prayer! Sif Muna welcomes you!
You can now call upon Sif Muna for magical energy.
There is a shimmering blue altar of Sif Muna here.
There is a stone staircase leading up here.
You climb upwards.
Level annotation: Terence
There is a stone staircase leading down here.
Terence shouts!
Terence is nearby!
Terence misses you. Terence misses you.
There is a staircase leading out of the dungeon here.
Are you sure you want to leave the Dungeon?
This will make you lose the game! Terence hits you with a +0 falchion.
You have escaped!

#.....#...........# #.##.# ###...
#.....###############..#.#### ..
#######.....................# P
#.### ###############....##+##
#...## ##..........#......## #
..P.P######..≈≈≈≈≈≈≈..#.......# #
###..##>....≈≈.....≈≈.........# #
..#P..###..≈≈.......≈≈...##.#####
#.#####...≈≈....@.8..≈≈..........
#.........≈..8..@..♣..≈...#......
#.#######.≈.....♣.....≈...#......
..#.P.# #.≈≈.........≈≈...#.#####
###P.## #..≈≈.♣..8..≈≈....#)#
.P...# #...≈≈....♣≈≈..#....#
P...## ##...≈≈≈.≈≈≈...#....#
.P### ##............##...# ###
### ##..(.............#


You could see Terence.

Vanquished Creatures
  3 adders
  3 dart slugs
  2 bats (D:1)
  5 endoplasms
  3 hobgoblins
  4 jackals
  4 quokkas
  5 ball pythons (D:1)
  A frilled lizard (D:1)
  4 goblins
  4 kobolds (D:1)
  3 rats
41 creatures vanquished.

Vanquished Creatures (others)
  7 fungi (D:2)
  2 plants (D:2)
9 creatures vanquished.

Grand Total: 50 creatures vanquished

Notes
Turn   | Place    | Note
-------+----------+-------------------------------------------
     0 | D:1      | octoduck the Gargoyle Monk began the quest for the Orb.
     0 | D:1      | Reached XP level 1. HP: 14/14 MP: 1/1
   253 | D:1      | Reached XP level 2. HP: 19/19 MP: 2/2
   807 | D:1      | Reached skill level 4 in Unarmed Combat
   838 | D:1      | Reached XP level 3. HP: 21/23 MP: 3/3
  1238 | D:2      | Noticed Terence
  2366 | D:2      | Reached XP level 4. HP: 22/28 MP: 4/4
  2591 | D:2      | Reached skill level 5 in Unarmed Combat
  2772 | D:2      | Found a faded altar of an unknown god.
  3027 | D:2      | Became a worshipper of Sif Muna the Loreminder
  3027 | D:2      | Reached * piety under Sif Muna
  3027 | D:2      | Reached ** piety under Sif Muna
  3108 | D:$      | Got out of the dungeon alive.

Illustrated notes

Levels and vault maps discovered:
D:1:      moated_graveyard_arrival, layout_basic, serial_aquarium,
          aquarium_bridge_island_small [aquarium_subvault_small_water,
          aquarium_subvault_bridge, aquarium_subvault_window,
          aquarium_subvault_bridge, aquarium_subvault_balcony],
          aquarium_bridge_square [aquarium_subvault_balcony,
          aquarium_subvault_wall, aquarium_subvault_bridge,
          aquarium_subvault_wall], aquarium_window_1,
          aquarium_window_corridor_3, aquarium_view_2b, aquarium_view_2c,
          aquarium_pool_2
D:2:      layout_rooms, dreamdust_ecumenical_altar_grove, uniq_terence

Skill      XL: |  1  2  3  4 |
---------------+-------------+-----
Unarmed Combat | 4 5 |  5.0
Fighting       | |  3.2
Dodging        | |  2.4
Stealth        | |  2.1

Action                   |  1- 3 |  4- 6 || total
-------------------------+-------+-------++-------
Melee: Unarmed           |   129 |    32 ||   161
       Punch             |     5 |     1 ||     6
  Use: Scroll            |     2 |     1 ||     3
 Stab: Sleeping          |     5 |     1 ||     6
Armor: Robe              |    51 |     5 ||    56
Dodge: Dodged            |    85 |    14 ||    99
